AoeStats
← Barnico

Arabia

510433856Analyzed
2v2 RM · 2d ago on Oct 1, 2026· 31m 28s· 4 players
Game mode
Random Map
Map size
Medium (4 player)
Population
200
Speed
Normal
Resources
Standard
Victory
Conquest
Starting age
Dark Age
Ending age
Imperial Age
RankedLock teamsTeams togetherTeam positionsShared explorationLock speedFull tech treeHidden civsTurbo modeCheats
Victory
Defeat
🇨🇦 Ethiopians · Canada
1051
+14
🇧🇷 Cumans · Brazil
1040
+15
🇺🇸 Magyars · United States
1027
-15
🇺🇸 Tatars · United States
1000
-14
Jaguar_BR
4:31 Loom
10:34 Feudal Age
11:43 Town Watch
12:34 Double-Bit Axe
13:03 Horse Collar
18:02 Wheelbarrow
20:55 Wheelbarrow
25:02 Castle Age
23:15 Forging
23:18 Bloodlines
24:19 Scale Barding Armor
26:45 Light Cavalry
Barnico
4:55 Loom
10:06 Feudal Age
10:40 Double-Bit Axe
19:23 Castle Age
18:00 Stone Mining
23:00 Town Watch
24:30 Wheelbarrow
29:46 Gold Mining
Wesley Willis
11:20 Feudal Age
14:30 Bloodlines
14:38 Bloodlines
14:17 Double-Bit Axe
17:34 Horse Collar
18:36 Loom
22:28 Castle Age
24:13 Scale Barding Armor
23:59 Fletching
24:13 Husbandry
24:17 Heavy Plow
24:30 Bow Saw
25:20 Thumb Ring
26:25 Bodkin Arrow
27:20 Pikeman
[PGH]jayjaywalker3
8:12 Loom
10:17 Feudal Age
10:40 Man-at-Arms
11:09 Double-Bit Axe
16:25 Fletching
17:18 Padded Archer Armor
18:10 Horse Collar
23:18 Castle Age
23:23 Crossbowman
24:37 Long Swordsman
30:11 Squires
Connection lost

Rejoining the realm…

Still unreachable

The connection could not be restored.

Session expired

The server has moved on; the page needs a fresh start.